[Event "Titled Tuesday Blitz November 14 Late 2023"]
[White "Romero Ruscalleda, Josep"]
[Black "Vila Dupla, Aurelio"]
[WhiteFideId "2231859"]
[BlackFideId "2203383"]
[WhiteElo "2320"]
[BlackElo "2203"]
[Result "1-0"]
[Round "9"]
[TimeControl "180+1"]
[Date "2023.11.14"]
[WhiteClock "0:01:48"]
[BlackClock "0:00:11"]
[Board "93"]

1. e4 c5 2. c3 d5 3. exd5 Qxd5 4. Nf3 Nf6 5. Na3 Bg4 6. Be2 Nc6 7. O-O e6 8. d4 cxd4 9. Nb5 Rc8 10. Nbxd4 Nxd4 11. Nxd4 Bxe2 12. Qxe2 a6 13. Rd1 Qe4 14. Be3 Bc5 15. Rd3 O-O 16. Rad1 Nd5 17. Bc1 Qxe2 18. Nxe2 h6 19. g3 Be7 20. Kg2 Rfd8 21. Nf4 Nxf4+ 22. Bxf4 Rxd3 23. Rxd3 Rd8 24. Rxd8+ Bxd8 25. Kf3 f5 26. Be5 Kf7 27. Ke2 g6 28. f3 b5 29. Kd3 Bb6 30. a4 Ke7 31. axb5 axb5 32. c4 bxc4+ 33. Kxc4 Kd7 34. Kb5 Bg1 35. h4 Kc8 36. Kc6 g5 37. hxg5 hxg5 38. b4 g4 39. fxg4 fxg4 40. b5 Ba7 41. b6 Bb8 42. Bxb8 Kxb8 43. Kd6 Kb7 44. Kxe6 Kxb6 45. Kf5 Kc6 46. Kxg4 Kd6 47. Kf5 Ke7 48. Kg6 Kf8 49. Kh7 Kf7 50. g4 Kf6 51. Kh6 Kf7 52. g5 Kg8 53. Kg6 1-0


[Site "https://www.chess.com"]

[Event "Titled Tuesday Blitz November 14 Late 2023"]
[White "Cooper, Aaron"]
[Black "DAVIDHDZSTS"]
[WhiteFideId "2634945"]
[WhiteElo "2289"]
[BlackElo "1883"]
[Result "0-1"]
[Round "9"]
[TimeControl "180+1"]
[Date "2023.11.14"]
[WhiteClock "0:00:00"]
[BlackClock "0:00:38"]
[Board "94"]

1. e4 c5 2. Nf3 e6 3. d4 cxd4 4. Nxd4 a6 5. Nc3 Qc7 6. Bd3 Nc6 7. Nxc6 dxc6 8. O-O Nf6 9. Kh1 b5 10. f4 Be7 11. e5 Nd5 12. Ne4 c5 13. c4 bxc4 14. Bxc4 O-O 15. Qe2 Bb7 16. b3 Qc6 17. Bb2 Nb6 18. Bd3 Rad8 19. Bc2 c4 20. Ng5 Bxg5 21. fxg5 c3 22. Bc1 Rd7 23. Rf2 Rfd8 24. Qh5 g6 25. Qh4 Qxg2+ 26. Rxg2 Rd1+ 0-1


[Site "https://www.chess.com"]

[Event "Titled Tuesday Blitz November 14 Late 2023"]
[White "Gerbelli Neto, Eduardo"]
[Black "Travadon, Loic"]
[WhiteFideId "2103281"]
[BlackFideId "26092131"]
[WhiteElo "2318"]
[BlackElo "2183"]
[Result "1-0"]
[Round "9"]
[TimeControl "180+1"]
[Date "2023.11.14"]
[WhiteClock "0:00:10"]
[BlackClock "0:00:00"]
[Board "95"]

1. e4 e5 2. Nf3 Nc6 3. d4 exd4 4. Nxd4 Nf6 5. Nxc6 bxc6 6. e5 Qe7 7. Qe2 Nd5 8. c4 Ba6 9. h4 O-O-O 10. Rh3 f6 11. Ra3 Kb7 12. Rxa6 Qb4+ 13. Kd1 Kxa6 14. cxd5+ Kb7 15. Be3 Bc5 16. Nc3 fxe5 17. Bxc5 Qxc5 18. Rc1 Qd4+ 19. Kc2 cxd5 20. Rd1 Qf4 21. Rxd5 Qf5+ 22. Kc1 c6 23. Qa6+ Kb8 24. Nb5 Qf4+ 25. Kb1 Qxf2 26. Nd6 Qb6 27. Qxb6+ axb6 28. Rxe5 Kc7 29. Nf7 Rde8 30. Rxe8 Rxe8 31. Bd3 g6 32. Ng5 Re7 33. Kc2 d5 34. Nf3 Kd6 35. b4 c5 36. a3 c4 37. Bf1 Re4 38. Kd2 h6 39. g3 b5 40. Bg2 Rg4 41. Bf1 Rxg3 42. Be2 Rg2 43. Ke3 d4+ 44. Nxd4 Rg4 45. Bxg4 c3 46. Bf3 g5 47. hxg5 hxg5 48. Kd3 c2 49. Nxc2 Ke5 50. Nd4 Kf4 51. Be2 g4 52. Bxg4 Kxg4 53. Nxb5 Kf5 54. Kc4 Ke6 55. Kc5 Kd7 56. Kb6 Kc8 57. a4 Kb8 58. a5 Ka8 59. a6 Kb8 60. Nc7 Kc8 61. a7 Kd7 62. a8=Q Ke7 63. Kc6 1-0


[Site "https://www.chess.com"]

[Event "Titled Tuesday Blitz November 14 Late 2023"]
[White "campochess"]
[Black "Kuegel, Tobias"]
[BlackFideId "4636295"]
[WhiteElo "2181"]
[BlackElo "2318"]
[Result "0-1"]
[Round "9"]
[TimeControl "180+1"]
[Date "2023.11.14"]
[WhiteClock "0:00:41"]
[BlackClock "0:00:07"]
[Board "96"]

1. d4 Nf6 2. Bg5 d5 3. Nd2 c5 4. dxc5 e6 5. Bxf6 Qxf6 6. c3 Bxc5 7. e3 O-O 8. Ngf3 Nc6 9. Be2 e5 10. Nb3 Bb6 11. Qxd5 Be6 12. Qd1 Rfd8 13. Qc1 a5 14. O-O e4 15. Nfd4 Ne5 16. f4 exf3 17. Bxf3 Nxf3+ 18. Rxf3 Qe5 19. Qe1 Bd5 20. Rh3 a4 21. Nd2 Re8 22. Qh4 h6 23. Rf1 Bxa2 24. Rf5 Qe7 25. Qf2 Be6 26. Rg3 Bxd4 27. cxd4 Bxf5 28. Qxf5 a3 29. bxa3 Rxa3 30. Nf1 Qe6 31. Qf4 Ra1 32. Rf3 b5 33. Qc7 b4 34. Qb7 b3 35. e4 Qxe4 36. Qxb3 Qxd4+ 37. Kh1 Qd7 38. h3 Ree1 39. Qc4 Qe6 40. Qb5 Qe2 41. Kg1 Rxf1+ 42. Kh2 Rh1+ 43. Kg3 Rxh3+ 44. Kxh3 Qxb5 45. Kg3 Qg5+ 46. Kh2 Ra2 47. Rg3 Qh4+ 48. Rh3 Qf4+ 49. Rg3 Ra3 0-1


[Site "https://www.chess.com"]

[Event "Titled Tuesday Blitz November 14 Late 2023"]
[White "Ghosh, Chanchal Kumer"]
[Black "AndresDelgado77"]
[WhiteFideId "10201858"]
[WhiteElo "2168"]
[BlackElo "2314"]
[Result "1-0"]
[Round "9"]
[TimeControl "180+1"]
[Date "2023.11.14"]
[WhiteClock "0:00:10"]
[BlackClock "0:00:00"]
[Board "97"]

1. e4 e6 2. Nf3 d5 3. Nc3 Nf6 4. e5 Nfd7 5. d4 c5 6. Bg5 Qa5 7. dxc5 Bxc5 8. Qd2 Nc6 9. Bb5 Bb4 10. Bxc6 bxc6 11. O-O Ba6 12. Rfe1 Nb6 13. Nd4 Nc4 14. Qf4 Bxc3 15. bxc3 Rc8 16. Qg4 h5 17. Qh3 Kd7 18. Rab1 c5 19. Ne2 Nxe5 20. Nf4 Qc7 21. Nxd5 Qd6 22. Nf6+ gxf6 23. Bxf6 1-0


[Site "https://www.chess.com"]

[Event "Titled Tuesday Blitz November 14 Late 2023"]
[White "Harish, Neeraj"]
[Black "Freeeeeeeeeeeeeeeeee"]
[WhiteFideId "30958130"]
[WhiteElo "2310"]
[BlackElo "2043"]
[Result "1/2-1/2"]
[Round "9"]
[TimeControl "180+1"]
[Date "2023.11.14"]
[WhiteClock "0:00:11"]
[BlackClock "0:00:12"]
[Board "99"]

1. e4 e5 2. Nf3 Nc6 3. Bc4 Nf6 4. d3 Be7 5. O-O O-O 6. Nc3 d6 7. a4 Na5 8. Ba2 c5 9. Nd5 Nxd5 10. Bxd5 Be6 11. Bxe6 fxe6 12. c3 Bf6 13. b4 cxb4 14. cxb4 Nc6 15. Qb3 Qd7 16. Bd2 Rac8 17. b5 Ne7 18. Rfc1 h6 19. a5 d5 20. Bb4 Rxc1+ 21. Rxc1 Qxb5 22. Qa3 Re8 23. Rc5 Qa6 24. Rc7 Nc6 25. Bd6 dxe4 26. dxe4 Qxa5 27. Qxa5 Nxa5 28. Bxe5 Bxe5 29. Nxe5 Rb8 30. h4 b5 31. Rxa7 Nc4 32. Nxc4 bxc4 33. Rc7 Rb4 34. Kh2 c3 35. Rxc3 Rxe4 36. Rc7 Rxh4+ 37. Kg3 Rh5 38. f3 Rg5+ 39. Kf2 Rf5 40. Rb7 Rf7 41. Rb8+ Rf8 42. Rb7 Re8 43. Rc7 Kf8 44. Rb7 Re7 45. Rb8+ Kf7 46. Kg3 Kf6 47. Rb5 e5 48. Rb6+ Re6 49. Rb7 Re7 50. Rb6+ Kf5 51. Rb4 g5 52. Rb6 Re6 53. Rb7 h5 54. Kf2 h4 55. g4+ Kf6 56. Rh7 Re7 57. Rh6+ Kg7 58. Ra6 Kf7 59. Rb6 Re6 60. Rb7+ Kf6 61. Rh7 e4 62. fxe4 Rxe4 63. Rh6+ Kg7 64. Ra6 Rxg4 65. Kf3 Rf4+ 66. Kg2 Rf6 67. Ra7+ Kg6 68. Kh3 Kh5 69. Rh7+ Rh6 70. Ra7 g4+ 71. Kh2 Rg6 72. Ra5+ Rg5 73. Ra8 Kg6 74. Rg8+ Kf6 75. Ra8 Rg6 76. Ra6+ Kg5 77. Ra5+ Kh6 78. Ra7 Rf6 79. Ra5 Rf3 80. Kg2 Rf6 81. Kh2 Rg6 82. Kg2 Rg5 83. Ra6+ Kh5 84. Ra8 h3+ 85. Kg3 Rf5 86. Rh8+ Kg5 87. Rg8+ Kh5 88. Rxg4 h2 89. Rh4+ Kg5 90. Rxh2 Rd5 91. Rg2 Rd3+ 92. Kh2+ Kf4 93. Rf2+ Ke3 94. Rg2 Ke4 95. Rg4+ Kf5 96. Rg2 Kf4 97. Rf2+ Ke3 98. Rg2 Kf4 1/2-1/2


[Site "https://www.chess.com"]

[Event "Titled Tuesday Blitz November 14 Late 2023"]
[White "Broca Jimenez, Fernando"]
[Black "Gyulamiryan-koryun"]
[WhiteFideId "5104742"]
[WhiteElo "2202"]
[BlackElo "1896"]
[Result "1-0"]
[Round "9"]
[TimeControl "180+1"]
[Date "2023.11.14"]
[WhiteClock "0:00:11"]
[BlackClock "0:00:00"]
[Board "100"]

1. e4 e5 2. Nf3 Nc6 3. Bb5 a6 4. Ba4 Nf6 5. O-O Be7 6. Re1 b5 7. Bb3 O-O 8. h3 d6 9. c3 Be6 10. d4 Bxb3 11. axb3 exd4 12. cxd4 d5 13. e5 Ne4 14. Nc3 f6 15. Qd3 Nb4 16. Qd1 fxe5 17. dxe5 Nc5 18. Na2 Ncd3 19. Re2 c6 20. Nxb4 Nxb4 21. Bd2 a5 22. Nd4 Qd7 23. Bxb4 Bxb4 24. Rc1 c5 25. Nc2 Rac8 26. Nxb4 axb4 27. Rd2 d4 28. Qe2 Qe6 29. Qxb5 Qxb3 30. Rxc5 Rxc5 31. Qxc5 d3 32. e6 1-0


[Site "https://www.chess.com"]

[Event "Titled Tuesday Blitz November 14 Late 2023"]
[White "Burke, Paul"]
[Black "Darko-Dimitrijevic"]
[WhiteFideId "2605767"]
[WhiteElo "1856"]
[BlackElo "2185"]
[Result "0-1"]
[Round "9"]
[TimeControl "180+1"]
[Date "2023.11.14"]
[WhiteClock "0:01:48"]
[BlackClock "0:01:40"]
[Board "101"]

1. e4 d6 2. Nc3 Nf6 3. g3 c6 4. Bg2 Bg4 5. Nge2 e5 6. h3 Bh5 7. O-O Nbd7 8. d3 Be7 9. Be3 b5 10. a3 h6 11. Qd2 O-O 12. f4 Bxe2 13. Nxe2 Qc7 14. f5 Rad8 15. g4 d5 16. Bxh6 gxh6 17. Qxh6 Nh7 18. h4 Qd6 19. Qh5 Ndf6 0-1


[Site "https://www.chess.com"]

[Event "Titled Tuesday Blitz November 14 Late 2023"]
[White "katharinareinecke"]
[Black "Dahlgren, James Allen"]
[BlackFideId "22256873"]
[WhiteElo "1963"]
[BlackElo "2134"]
[Result "0-1"]
[Round "9"]
[TimeControl "180+1"]
[Date "2023.11.14"]
[WhiteClock "0:00:26"]
[BlackClock "0:00:07"]
[Board "102"]

1. d4 e6 2. c4 c5 3. Nf3 cxd4 4. Nxd4 Nf6 5. g3 Nc6 6. Bg2 d5 7. Nxc6 bxc6 8. O-O Bd6 9. Bg5 O-O 10. Nc3 Rb8 11. b3 h6 12. Bc1 Qe7 13. cxd5 cxd5 14. Bb2 Ba6 15. Re1 Rfc8 16. Rc1 Ba3 17. Bxa3 Qxa3 18. Qd2 Qd6 19. e4 Qb4 20. exd5 Nxd5 21. Bxd5 exd5 22. Red1 Rd8 23. Na4 Qd6 24. Rc5 d4 25. Rdc1 Bb7 26. Qf4 d3 27. Qxd6 Rxd6 28. Rd1 d2 29. Rc2 Rbd8 30. Nc5 Bf3 31. Rdxd2 Rxd2 32. Rxd2 Rxd2 0-1


[Site "https://www.chess.com"]

[Event "Titled Tuesday Blitz November 14 Late 2023"]
[White "Smirnov, Timofey"]
[Black "Feliz Dotel, Dewar Bienvenido"]
[WhiteFideId "24176427"]
[BlackFideId "6402801"]
[WhiteElo "2099"]
[BlackElo "2110"]
[Result "1-0"]
[Round "9"]
[TimeControl "180+1"]
[Date "2023.11.14"]
[WhiteClock "0:00:05"]
[BlackClock "0:00:00"]
[Board "103"]

1. d4 d5 2. Bf4 e6 3. e3 c5 4. c3 Nf6 5. Nd2 Bd6 6. Bg3 O-O 7. Ngf3 b6 8. Bd3 Ba6 9. Bxa6 Nxa6 10. O-O Nb8 11. Ne5 Qc7 12. Ndf3 Nc6 13. Re1 Ne4 14. Nxc6 Nxg3 15. hxg3 Qxc6 16. a4 Rae8 17. Ne5 Bxe5 18. dxe5 Qc7 19. f4 f6 20. exf6 Rxf6 21. Kf2 Qf7 22. Rh1 e5 23. Qh5 Qxh5 24. Rxh5 d4 25. cxd4 cxd4 26. Re1 d3 27. Rd1 g6 28. Rhh1 e4 29. Rc1 Rf7 30. Rc4 Rd7 31. Rd1 Ree7 32. Rc8+ Kg7 33. Rc4 Rc7 34. b3 a6 35. Ke1 b5 36. axb5 axb5 37. Rxc7 Rxc7 38. Ra1 Rc2 39. Ra5 Re2+ 40. Kd1 Rxe3 41. Rxb5 Re2 42. Rb7+ Kf6 43. b4 1-0


[Site "https://www.chess.com"]

[Event "Titled Tuesday Blitz November 14 Late 2023"]
[White "Oliveira, Tiago Batista"]
[Black "Vargas, Mauricio"]
[WhiteFideId "2108291"]
[BlackFideId "4404572"]
[WhiteElo "2052"]
[BlackElo "1844"]
[Result "1-0"]
[Round "9"]
[TimeControl "180+1"]
[Date "2023.11.14"]
[WhiteClock "0:01:25"]
[BlackClock "0:01:21"]
[Board "104"]

1. d4 d5 2. c4 c6 3. Nf3 e6 4. g3 dxc4 5. Bg2 Nf6 6. O-O Bd6 7. Qc2 b5 8. Rd1 Qc7 9. e4 Nfd7 10. e5 Be7 11. Nbd2 h6 12. Ne4 Bb7 13. Bf4 a6 14. Rac1 c5 15. dxc5 Nxc5 16. Nd6+ Bxd6 17. exd6 Qd7 18. Ne5 Bxg2 19. Nxd7 Nbxd7 20. Kxg2 O-O 21. b3 Nd3 22. Rb1 Nb4 23. Qe2 Nxa2 24. Qxa2 cxb3 25. Rxb3 Rac8 26. Qxa6 Rb8 27. Qa7 Nf6 28. d7 Rfd8 29. Bxb8 Rxd7 30. Rxd7 Nxd7 31. Qxd7 1-0


[Site "https://www.chess.com"]

[Event "Titled Tuesday Blitz November 14 Late 2023"]
[White "Quirke, Jeffrey"]
[Black "Desideri, Ricardo Maruchi"]
[WhiteFideId "2013029"]
[BlackFideId "2110440"]
[WhiteElo "2233"]
[BlackElo "1976"]
[Result "0-1"]
[Round "9"]
[TimeControl "180+1"]
[Date "2023.11.14"]
[WhiteClock "0:00:00"]
[BlackClock "0:00:23"]
[Board "105"]

1. e4 c5 2. c3 g6 3. d4 cxd4 4. cxd4 d5 5. e5 Nh6 6. h3 Bg7 7. Nf3 O-O 8. Nc3 f6 9. Bf4 Nc6 10. Qd2 Nf7 11. exf6 exf6 12. Be2 g5 13. Be3 h6 14. g4 Nd6 15. O-O-O Ne4 16. Nxe4 dxe4 17. Ne1 f5 18. gxf5 Bxf5 19. Nc2 Rc8 20. Kb1 a5 21. Rdg1 Qc7 22. h4 Rfd8 23. hxg5 Nxd4 24. Nxd4 Bxd4 25. gxh6+ Kh7 26. Rg7+ Bxg7 27. hxg7+ Kxg7 28. Bd4+ Kg6 29. Qh6+ Kf7 30. Qg7+ Ke6 31. Qf6+ Kd5 32. Bc3 Qf4 33. Rd1+ Kc5 34. Qe7+ Kb6 35. Bxa5+ Kxa5 36. Qa3+ Kb6 37. Qb4+ Ka7 38. Qa5+ Kb8 0-1


[Site "https://www.chess.com"]

[Event "Titled Tuesday Blitz November 14 Late 2023"]
[White "Liu, Xiangyi"]
[Black "PapaieDudu"]
[WhiteFideId "8605718"]
[WhiteElo "2746"]
[BlackElo "2372"]
[Result "1-0"]
[Round "9"]
[TimeControl "180+1"]
[Date "2023.11.14"]
[WhiteClock "0:00:05"]
[BlackClock "0:00:00"]
[Board "106"]

1. Nf3 d5 2. g3 e6 3. Bg2 Nf6 4. O-O Be7 5. d3 O-O 6. Nbd2 c5 7. e4 d4 8. e5 Nd5 9. h4 Re8 10. h5 h6 11. Re1 Nc6 12. Nf1 b5 13. N1h2 Bf8 14. Bd2 Bb7 15. Qe2 Nce7 16. c3 dxc3 17. bxc3 Qd7 18. c4 Nb6 19. Rad1 Rad8 20. Bc3 Nf5 21. Ng4 Nd4 22. Bxd4 cxd4 23. cxb5 Qxb5 24. Nd2 Bxg2 25. Kxg2 Na4 26. Ne4 Nc3 27. Qf3 Kh8 28. Qxf7 Nxd1 29. Rxd1 Qd7 30. Qg6 Re7 31. Nd6 Qc6+ 32. Kh2 Qf3 33. Rd2 Rc7 34. Ne8 Rc1 35. Kh3 Rh1+ 36. Nh2 Rd7 37. Rc2 Rg1 38. Kh4 Rh1 39. Kh3 Rf7 40. Nd6 1-0


[Site "https://www.chess.com"]

[Event "Titled Tuesday Blitz November 14 Late 2023"]
[White "Tabatabaei, M. Amin"]
[Black "Erigaisi Arjun"]
[WhiteFideId "12521213"]
[BlackFideId "35009192"]
[WhiteElo "3087"]
[BlackElo "3072"]
[Result "1-0"]
[Round "10"]
[TimeControl "180+1"]
[Date "2023.11.14"]
[WhiteClock "0:01:18"]
[BlackClock "0:00:09"]
[Board "1"]

1. e4 c6 2. d4 d5 3. exd5 cxd5 4. Bd3 Nc6 5. c3 Nf6 6. Bf4 Bg4 7. Qb3 Qc8 8. Nd2 e6 9. Ngf3 Nh5 10. Bg3 Nxg3 11. hxg3 Bxf3 12. gxf3 Bd6 13. f4 g6 14. Nf3 Qc7 15. a4 O-O-O 16. Kf1 Kb8 17. Kg2 h6 18. Qc2 Rdg8 19. b4 Ne7 20. Ne5 Rg7 21. a5 h5 22. b5 Bxe5 23. b6 Qd7 24. bxa7+ Kxa7 25. fxe5 Ra8 26. Rhb1 Rgg8 27. Rb6 Nc8 28. Qb3 Kb8 29. Rb4 Ra7 30. Rb1 Qc7 31. Ba6 1-0


[Site "https://www.chess.com"]

[Event "Titled Tuesday Blitz November 14 Late 2023"]
[White "Chigaev, Maksim"]
[Black "Martinez Alcantara, Jose Eduardo"]
[WhiteFideId "4108116"]
[BlackFideId "3805662"]
[WhiteElo "2942"]
[BlackElo "3027"]
[Result "0-1"]
[Round "10"]
[TimeControl "180+1"]
[Date "2023.11.14"]
[WhiteClock "0:00:01"]
[BlackClock "0:00:21"]
[Board "2"]

1. d4 Nf6 2. c4 e6 3. g3 Bb4+ 4. Nd2 c5 5. a3 Bxd2+ 6. Qxd2 cxd4 7. Nf3 O-O 8. Bg2 d5 9. cxd5 Qxd5 10. Qxd4 Qb5 11. Qe5 Qa6 12. b4 Bd7 13. O-O Bc6 14. a4 Nbd7 15. Qb2 Bd5 16. b5 Qd6 17. Bf4 Qe7 18. Rfd1 Rfc8 19. Ne5 Bxg2 20. Nxd7 Nxd7 21. Bd6 Qg5 22. Kxg2 Qg6 23. Qd4 Nf6 24. Rac1 h5 25. f3 a6 26. b6 Rxc1 27. Rxc1 Rd8 28. Qe5 Nd5 29. a5 Qh6 30. f4 Qg6 31. Bc7 Rd7 32. h3 Nf6 33. Kf3 Rd5 34. Qe3 Qf5 35. Be5 Qxh3 36. Bxf6 gxf6 37. Rc8+ Kg7 38. Kf2 Rd1 39. Qf3 Rf1+ 0-1


[Site "https://www.chess.com"]

[Event "Titled Tuesday Blitz November 14 Late 2023"]
[White "Zhigalko, Sergei"]
[Black "Khismatullin, Denis"]
[WhiteFideId "13502956"]
[BlackFideId "4142578"]
[WhiteElo "2915"]
[BlackElo "2980"]
[Result "1-0"]
[Round "10"]
[TimeControl "180+1"]
[Date "2023.11.14"]
[WhiteClock "0:00:06"]
[BlackClock "0:00:00"]
[Board "3"]

1. e4 c5 2. Nf3 e6 3. c3 Nf6 4. e5 Nd5 5. Bc4 d6 6. d4 cxd4 7. cxd4 Be7 8. O-O O-O 9. Bd2 Nb6 10. Bb3 Nc6 11. Nc3 dxe5 12. dxe5 Na5 13. Bc2 Nac4 14. Qe2 Nxd2 15. Nxd2 Bd7 16. Nde4 Qc7 17. Nf6+ Bxf6 18. exf6 g6 19. Qe3 Qd8 20. Qg5 h6 21. Qh4 Bc6 22. Rad1 Nd7 23. Rxd7 Bxd7 24. Rd1 Rc8 25. Rxd7 Rc4 26. Qxc4 Qxd7 27. Qf4 Kh7 28. h4 e5 29. Qe4 Qd2 30. h5 Qc1+ 31. Nd1 Rg8 32. hxg6+ Rxg6 33. Qe2 e4 34. Bxe4 Qg5 35. Bxg6+ Qxg6 36. Qf3 Qb1 37. a3 1-0


[Site "https://www.chess.com"]

[Event "Titled Tuesday Blitz November 14 Late 2023"]
[White "Makarian, Rudik"]
[Black "Nazari, Arad"]
[WhiteFideId "44105681"]
[BlackFideId "12577324"]
[WhiteElo "2966"]
[BlackElo "2804"]
[Result "0-1"]
[Round "10"]
[TimeControl "180+1"]
[Date "2023.11.14"]
[WhiteClock "0:00:00"]
[BlackClock "0:00:56"]
[Board "4"]

1. d4 Nf6 2. c4 g6 3. Nc3 d5 4. Bf4 Bg7 5. e3 O-O 6. Rc1 dxc4 7. Bxc4 c5 8. dxc5 Qa5 9. Ne2 Nbd7 10. O-O Nxc5 11. a3 Be6 12. Bxe6 Nxe6 13. Qb3 Qa6 14. Qb4 Rfe8 15. Rfd1 Rac8 16. Nb5 Rxc1 17. Rxc1 Nd5 18. Qb3 Ndxf4 19. Nxf4 Nxf4 20. exf4 Qb6 21. Qc4 Bxb2 22. Rc2 Bf6 23. g3 h5 24. Nc3 Rd8 25. Ne4 Rd4 26. Qe2 Kg7 27. Kg2 Qa5 28. Qf3 Qd5 29. Nxf6 Qxf3+ 30. Kxf3 Kxf6 31. Rc7 Rd3+ 32. Ke4 Rb3 33. a4 a5 34. h4 Rb4+ 35. Kf3 b6 36. Rb7 Ke6 37. Rb8 Kd6 38. Rb7 f5 39. Rb8 Kc7 40. Rg8 Rxa4 41. Rxg6 Rc4 42. Rg5 a4 43. Rxf5 a3 44. Re5 a2 45. Rxe7+ Kb8 46. Re8+ Kb7 47. Re7+ Rc7 48. Re1 b5 49. Ra1 Rc2 50. f5 b4 51. f6 b3 52. f7 Rc8 53. Re1 Rf8 0-1


[Site "https://www.chess.com"]

[Event "Titled Tuesday Blitz November 14 Late 2023"]
[White "Nakamura, Hikaru"]
[Black "Kamsky, Gata"]
[WhiteFideId "2016192"]
[BlackFideId "2000024"]
[WhiteElo "3275"]
[BlackElo "2935"]
[Result "1-0"]
[Round "10"]
[TimeControl "180+1"]
[Date "2023.11.14"]
[WhiteClock "0:01:00"]
[BlackClock "0:00:00"]
[Board "5"]

1. e4 c5 2. d4 cxd4 3. c3 Nf6 4. e5 Nd5 5. Qxd4 e6 6. Nf3 Nc6 7. Qe4 d6 8. exd6 Bxd6 9. Bd3 Be7 10. O-O Nf6 11. Qe2 O-O 12. Bf4 Bd6 13. Bxd6 Qxd6 14. Nbd2 Qc7 15. Ne4 Nd5 16. g3 h6 17. Rad1 e5 18. Nh4 Bh3 19. Rfe1 Rad8 20. Bc4 Nb6 21. Bb3 Na5 22. g4 Nxb3 23. axb3 Rxd1 24. Rxd1 Rd8 25. c4 h5 26. f3 Rxd1+ 27. Qxd1 hxg4 28. fxg4 Qc8 29. Nf2 Qc5 30. Qd8+ 1-0


[Site "https://www.chess.com"]

[Event "Titled Tuesday Blitz November 14 Late 2023"]
[White "Andreikin, Dmitry"]
[Black "Maghsoodloo, Parham"]
[WhiteFideId "4158814"]
[BlackFideId "12539929"]
[WhiteElo "3118"]
[BlackElo "2970"]
[Result "0-1"]
[Round "10"]
[TimeControl "180+1"]
[Date "2023.11.14"]
[WhiteClock "0:00:00"]
[BlackClock "0:00:09"]
[Board "6"]

1. d4 Nf6 2. c4 e6 3. Nf3 d5 4. Bg5 h6 5. Bxf6 Qxf6 6. e3 Nd7 7. Nc3 c6 8. Qc2 g6 9. Be2 Bg7 10. O-O O-O 11. Rfd1 Qe7 12. Rac1 dxc4 13. Bxc4 a5 14. h4 a4 15. a3 Ra5 16. Ba2 Nb6 17. Ne4 Rd8 18. Qc3 Rb5 19. Nc5 e5 20. h5 g5 21. Qc2 Bg4 22. Qe4 Bxh5 23. g4 Rxb2 24. gxh5 Rxa2 25. Qb1 g4 26. Nxe5 Rxa3 27. Qxb6 g3 28. Qxb7 gxf2+ 29. Kf1 Qf6 30. Qxc6 Qg5 31. Qg2 Qxh5 32. Ne4 Qf5 33. Rc7 Rf8 34. Nd7 Rxe3 35. Nxf8 Rxe4 36. Nd7 Rg4 37. Qa8+ Kh7 38. Nf8+ Bxf8 39. Qxf8 Rg1+ 40. Ke2 Qe4+ 41. Kd2 Rxd1+ 42. Kc3 Qxd4+ 43. Kc2 Rd2+ 44. Kb1 f1=Q+ 0-1


[Site "https://www.chess.com"]

[Event "Titled Tuesday Blitz November 14 Late 2023"]
[White "Naroditsky, Daniel"]
[Black "Hakobyan, Aram"]
[WhiteFideId "2026961"]
[BlackFideId "13306677"]
[WhiteElo "3101"]
[BlackElo "3019"]
[Result "1-0"]
[Round "10"]
[TimeControl "180+1"]
[Date "2023.11.14"]
[WhiteClock "0:00:06"]
[BlackClock "0:00:04"]
[Board "7"]

1. e4 c5 2. c3 e5 3. Nf3 Nc6 4. Bc4 Nf6 5. d3 h6 6. Nbd2 Be7 7. Nf1 d5 8. exd5 Nxd5 9. Ng3 Be6 10. O-O O-O 11. Re1 Qc7 12. Qe2 Rfe8 13. Nxe5 Nxe5 14. Qxe5 Bd6 15. Qe2 Qd7 16. Bd2 b5 17. Bb3 a5 18. Qf3 Bf8 19. Re5 Rad8 20. Rae1 a4 21. Bd1 Nf6 22. h3 Qxd3 23. Qxd3 Rxd3 24. Bc1 Red8 25. Be2 R3d5 26. Rxd5 Nxd5 27. Bxb5 a3 28. c4 axb2 29. Bxb2 Nf4 30. Bc3 Rd3 31. Be5 Ng6 32. Bc7 Ra3 33. Re2 Be7 34. Ne4 Bf5 35. f3 Bxe4 36. fxe4 Bg5 37. g3 Be3+ 38. Kg2 Bd4 39. e5 Nf8 40. Bd6 Ne6 41. Bc6 Bc3 42. Bd5 Nd4 43. Rf2 Ne6 44. Bxe6 fxe6 45. Bxc5 Ra5 46. Bd6 Bxe5 47. Bxe5 Rxe5 48. Rc2 Rc5 49. Kf3 Kf7 50. Ke4 e5 51. a4 Ke6 52. Kd3 Ra5 53. Ra2 Kd6 54. Kc3 Kc5 55. Re2 Rxa4 56. Rxe5+ Kd6 57. Re3 Kc5 58. Re5+ Kd6 59. Rd5+ Kc6 60. Kb3 Ra1 61. Rd3 g5 62. Kb4 Rb1+ 63. Rb3 Rh1 64. g4 Rh2 65. Rf3 Kd7 66. Kc5 Rh1 67. Kd5 Rd1+ 68. Ke5 Ke7 69. c5 Kd7 70. Rf6 Re1+ 71. Kd5 Ke7 72. Rxh6 Rd1+ 73. Kc6 Rd3 74. Kc7 Kf7 75. c6 Rc3 76. Kd7 Rd3+ 77. Rd6 Re3 78. c7 1-0


[Site "https://www.chess.com"]

[Event "Titled Tuesday Blitz November 14 Late 2023"]
[White "Nihal Sarin"]
[Black "Beerdsen, Thomas"]
[WhiteFideId "25092340"]
[BlackFideId "1030108"]
[WhiteElo "3094"]
[BlackElo "2873"]
[Result "1-0"]
[Round "10"]
[TimeControl "180+1"]
[Date "2023.11.14"]
[WhiteClock "0:00:09"]
[BlackClock "0:00:18"]
[Board "8"]

1. a3 e5 2. c4 Nf6 3. d3 d5 4. cxd5 Nxd5 5. Nf3 Nc6 6. e3 g5 7. b4 g4 8. Nfd2 Be6 9. Bb2 Qg5 10. Ne4 Qg6 11. b5 Nce7 12. Bxe5 Bg7 13. Bxg7 Qxg7 14. Nbd2 Nf5 15. Qc1 h5 16. Rb1 h4 17. Qb2 Qh6 18. Be2 O-O-O 19. Nc4 Kb8 20. a4 Bc8 21. a5 Rhe8 22. b6 cxb6 23. axb6 a6 24. Rc1 Re6 25. Bxg4 Nfxe3 26. fxe3 Nxe3 27. Bxe6 Nxg2+ 28. Kd1 Bxe6 29. Kc2 Bxc4 30. dxc4 Qe3 31. Qe5+ Ka8 32. Rhd1 Rc8 33. Qd4 Qa3 34. Kb1 Nf4 35. Qb2 Qe3 36. Nd6 Rg8 37. c5 Ne2 38. c6 Nxc1 39. c7 Nd3 40. Qc3 Qxb6+ 41. Ka1 Qxd6 42. c8=Q+ Rxc8 43. Qxc8+ Ka7 44. Qc3 Qxh2 45. Rxd3 Qg1+ 46. Kb2 Qg2+ 47. Rd2 Qg5 48. Qd4+ Kb8 49. Qd8+ Qxd8 50. Rxd8+ Kc7 51. Rf8 Kd6 52. Rxf7 b5 53. Rh7 1-0


[Site "https://www.chess.com"]

[Event "Titled Tuesday Blitz November 14 Late 2023"]
[White "Zakhartsov, Vladimir"]
[Black "Yoo, Christopher Woojin"]
[WhiteFideId "4145097"]
[BlackFideId "30909694"]
[WhiteElo "2861"]
[BlackElo "3056"]
[Result "0-1"]
[Round "10"]
[TimeControl "180+1"]
[Date "2023.11.14"]
[WhiteClock "0:00:07"]
[BlackClock "0:01:08"]
[Board "9"]

1. e4 c5 2. Nf3 d6 3. c3 Nf6 4. Bd3 Nc6 5. h3 g6 6. Bc2 e5 7. O-O Bg7 8. a3 O-O 9. b4 Be6 10. d3 Rc8 11. Be3 b6 12. Nbd2 Nh5 13. Bb3 Qd7 14. Bxe6 Qxe6 15. Qb3 Qxb3 16. Nxb3 f5 17. Rfd1 Nf6 18. exf5 gxf5 19. b5 Nd8 20. c4 Ne6 21. a4 e4 22. Ng5 Nxg5 23. Bxg5 exd3 24. Bxf6 Bxf6 25. Rac1 d5 26. Rxd3 dxc4 27. Rxc4 Rfd8 28. Rf3 Rd5 29. g4 Rf8 30. g5 Bxg5 31. Rg3 f4 32. Rf3 Rfd8 33. Kg2 Rd3 34. Rc3 Rxc3 35. Rxc3 Kf7 36. Kf3 Bf6 0-1


[Site "https://www.chess.com"]

[Event "Titled Tuesday Blitz November 14 Late 2023"]
[White "BardArtem"]
[Black "Eljanov, Pavel"]
[BlackFideId "14102951"]
[WhiteElo "2836"]
[BlackElo "2884"]
[Result "1-0"]
[Round "10"]
[TimeControl "180+1"]
[Date "2023.11.14"]
[WhiteClock "0:00:38"]
[BlackClock "0:00:24"]
[Board "10"]

1. e4 c6 2. d4 d5 3. exd5 cxd5 4. Bd3 Nf6 5. h3 Nc6 6. c3 e5 7. dxe5 Nxe5 8. Nf3 Nxd3+ 9. Qxd3 Bd6 10. O-O O-O 11. Bg5 h6 12. Bh4 g5 13. Bg3 Bxg3 14. fxg3 g4 15. hxg4 Nxg4 16. Nbd2 Qb6+ 17. Qd4 Qxd4+ 18. Nxd4 Re8 19. Rae1 Bd7 20. N2f3 a5 21. Rxe8+ Rxe8 22. Re1 Re4 23. Nb3 b6 24. Nbd2 Re6 25. b4 a4 26. c4 Rxe1+ 27. Nxe1 Ne3 28. c5 bxc5 29. bxc5 Kf8 30. Nd3 Ke7 31. Kf2 Nc2 32. Nb1 d4 33. Ke2 Be6 34. Kd2 Ne3 35. Nb4 h5 36. Nc6+ Kd7 37. Nxd4 Nf1+ 38. Ke1 Bxa2 39. Nc3 Bc4 40. Nxa4 Nxg3 41. Nb6+ Ke7 42. Nxc4 Ne4 43. c6 Kd8 44. Nb5 Nc5 45. c7+ 1-0


[Site "https://www.chess.com"]